 Dungeon Crawl Stone Soup version bcrawl-1.34.5 (webtiles) character file.

Game seed: 8990956482085374934

244362 jbasstz the Ruffian (level 7, 0/66 HPs)
             Began as a Troll Martial Artist on Nov 20, 2021.
             Was a Priest of Wu Jian.
             Slain by an orc wizard
             ... wielding a +0 dagger
              (2 damage)
             ... on level 5 of the Dungeon.
             The game lasted 00:12:40 (3327 turns).

jbasstz the Ruffian (Troll Martial Artist)          Turns: 3327, Time: 00:12:40

Health: 0/66       AC:  7    Str: 21    XL:     7   Next: 37%
Magic:  7/7        EV:  8    Int:  6    God:    Wu Jian [***...]
Gold:   297        SH:  8    Dex: 14    Spells: 7/8 levels left

rFire    . . .     SeeInvis .     - Claws (22.0)
rCold    . . .     Gourm    +   k - +0 medium shield
rNeg     . . .     Faith    .   (armour unavailable)
rPois    .         Spirit   .   (helmet restricted)
rElec    .         Reflect  .   (no cloak)
rCorr    .         Harm     .   (gloves unavailable)
MR       .....                  (boots unavailable)
Stlth    ++........             (no amulet)
HPRegen  0.61/turn              (no ring)
MPRegen  0.10/turn              (no ring)

@: no status effects
A: large, almost no armour, claws 3, fast metabolism 3, gourmand, regeneration
1, AC +7
a: Wall Jump, Serpent's Lash, Renounce Religion


You were on level 5 of the Dungeon.
You worshipped Wu Jian.
Wu Jian was most pleased with you.
You were very full.

You visited 1 branch of the dungeon, and saw 5 of its levels.

You collected 297 gold pieces.

Inventory:

Hand Weapons
 t - the +7 dagger "With Two Names" {freeze, rF+ Str+4 Int+4, unknown}
   (You found it on level 5 of the Dungeon)

   It has been specially enchanted to freeze those struck by it, increasing
   damage dealt by approximately one third against foes not resistant or
   susceptible to cold, and potentially slowing cold-blooded foes.
   It affects your strength (+4).
   It affects your intelligence (+4).
   It protects you from fire.
Armour
 k - a +0 medium shield (worn)
Jewellery
 j - a cursed ring of wizardry {unknown}
 s - an uncursed ring of resist corrosion {unknown}
Wands
 r - a wand of polymorph (4)
Scrolls
 c - 3 scrolls of enchant weapon {unknown}
 g - 2 scrolls of fog {unknown}
 h - 2 scrolls of remove curse {unknown}
 i - 6 scrolls of identify
 m - 2 scrolls of blinking {unknown}
 n - 4 scrolls of teleportation {unknown}
 v - a scroll of magic mapping {unknown}
Potions
 a - a potion of agility
 b - 3 potions of curing {unknown}
 d - a potion of degeneration {unknown}
 f - 2 potions of mutation {unknown}
 l - a potion of lignification {unknown}
 p - a potion of heal wounds {unknown}
 q - 2 potions of brilliance {unknown}
 u - a potion of might {unknown}
Comestibles
 e - 7 rations {!d}
 o - 2 chunks of flesh


   Skills:
 + Level 2.9 Fighting
 + Level 3.4 Dodging
 + Level 1.5 Stealth
 + Level 1.9 Shields
 + Level 7.1 Unarmed Combat
 + Level 1.1 Spellcasting
 + Level 1.0 Hexes


You had 7 spell levels left.
You knew the following spells:

 Your Spells              Type           Power        Failure   Level  Hunger
a - Confusing Touch       Hex            #.......     89%         1    None

Your spell library contained the following spells:

 Spells                   Type           Power        Failure   Level  Hunger
 Confuse                  Hex            #.......     99%         3    #####..
 Dazzling Orbs            Conj/Hex       #......      100%        3    #####..
 Petrify                  Tmut/Erth      #.........   100%        4    ######.
 Yara's Violent Unravell  Hex/Tmut       #.........   100%        4    ######.
 Metabolic Englaciation   Hex/Ice        #.........   100%        5    #######
 Mana Rupture             Conj/Hex       #.........   100%        7    #######


Dungeon Overview and Level Annotations

Branches:
Dungeon (5/12)             Temple (0/1) D:5

Altars:
Ashenzari
Fedhas
Kikubaaqudgha
Trog

Shops:
D:4 =


Innate Abilities, Weirdness & Mutations

You cannot wear most types of armour.
Your thick skin is tough. (AC +7)
You are too large for most types of armour.
You have claws for hands.
Your metabolism is lightning-fast.
You like to eat raw meat.
Your natural rate of healing is unusually fast.


Message History

You scratch something.
The centaur wields a +0 shortbow.
The centaur shoots an arrow.
The arrow hits you.
* * * LOW HITPOINT WARNING * * *
You hear some strange, mumbled words.
A puff of flame appears from out of thin air!
The puff of flame hits you.
* * * LOW HITPOINT WARNING * * *
The centaur shoots an arrow.
The arrow barely misses you.
You barely miss something. Something hits you but does no damage.
The centaur shoots an arrow.
You block the arrow.
You claw something!
The centaur unwields a +0 shortbow.
The centaur hits the bush.
You miss something.
The centaur wields a +0 shortbow.
The centaur shoots an arrow.
You block the arrow. Something hits you but does no damage.
You scratch something but do no damage.
The centaur shoots an arrow.
The arrow hits you.
* * * LOW HITPOINT WARNING * * *
Something hits you.
You die...

# . # .### ## # ...###### .# #
#...PPP.#########.## ######
#..PP..@{...#......# .....##
#.PP_PP.#..........###
####..####.PPPcP..[...........###
............PPPP.................
##########.................P.P...
# #.###[..........?..>.... #.#
#.............P.P..< #.#
#...>.....$.?....... #.#
##.........)...%....


You could see a centaur.

Vanquished Creatures
  A centaur (D:5)
  An ogre (D:4)
  A scorpion (D:4)
  2 crimson imps (D:5)
  A hound (D:5)
  3 orc wizards
  Jessica (D:2)
  Ijyb (D:3)
  An iguana (D:4)
  3 worker ants
  A worker ant zombie (D:4)
  4 adders
  An ooze (D:2)
  An adder skeleton (D:4)
  A worm (D:2)
  3 dart slugs
  4 leopard geckos
  16 orcs
  A ball python (D:1)
  3 bats
  3 bat zombies (D:3)
  4 giant cockroaches
  4 goblins
  8 hobgoblins
  6 jackals (D:3)
  4 kobolds
  A quokka (D:4)
  8 frilled lizards
  A quokka skeleton (D:4)
  4 rats
  A rat zombie (D:3)
94 creatures vanquished.

Notes
Turn   | Place    | Note
-------+----------+-------------------------------------------
     0 | D:1      | jbasstz the Troll Martial Artist began the quest for the
                  | Orb.
     0 | D:1      | Reached XP level 1. HP: 22/22 MP: 1/1
   367 | D:1      | Reached XP level 2. HP: 29/29 MP: 2/2
   961 | D:2      | Reached XP level 3. HP: 34/36 MP: 3/3
  1001 | D:2      | Noticed Jessica
  1006 | D:2      | Killed Jessica
  1157 | D:2      | Gained mutation: Your natural rate of healing is unusually
                  | fast. [Troll growth]
  1157 | D:2      | Reached XP level 4. HP: 38/44 MP: 4/4
  1169 | D:2      | Reached skill level 5 in Unarmed Combat
  1410 | D:2      | Reached ** piety under Wu Jian
  1849 | D:3      | Noticed Ijyb
  1859 | D:3      | Killed Ijyb
  1967 | D:3      | Found an ancient bone altar of Kikubaaqudgha.
  2037 | D:3      | Reached skill level 1 in Stealth
  2037 | D:3      | Reached XP level 5. HP: 52/52 MP: 5/5
  2165 | D:4      | Found Fuzuv's Jewellery Emporium.
  2629 | D:4      | Reached skill level 6 in Unarmed Combat
  2629 | D:4      | Reached XP level 6. HP: 59/59 MP: 6/6
  2649 | D:4      | Found a bloodstained altar of Trog.
  2710 | D:4      | Found a shattered altar of Ashenzari.
  2837 | D:4      | Reached skill level 1 in Shields
  3023 | D:5      | Entered Level 5 of the Dungeon
  3033 | D:5      | Reached *** piety under Wu Jian
  3042 | D:5      | Reached XP level 7. HP: 66/66 MP: 7/7
  3072 | D:5      | Got a crude dagger
  3205 | D:5      | Reached skill level 7 in Unarmed Combat
  3263 | D:5      | Found a blossoming altar of Fedhas.
  3284 | D:5      | Found a staircase to the Ecumenical Temple.
  3323 | D:5      | HP: 1/66 [something/puff of flame (5)]
  3327 | D:5      | Slain by an orc wizard

Skill      XL: |  1  2  3  4  5  6  7 |
---------------+----------------------+-----
Unarmed Combat | 5 6 7 |  7.1
Dodging        | 3 |  3.4
Stealth        | 1 |  1.5
Shields        | 1 |  1.9
Fighting       | |  2.9
Spellcasting   | |  1.1
Hexes          | |  1.0

Action                   |  1- 3 |  4- 6 |  7- 9 || total
-------------------------+-------+-------+-------++-------
Melee: Unarmed           |    82 |   150 |    30 ||   262
Invok: Lunge             |    11 |    13 |     3 ||    27
       Whirlwind         |     1 |     6 |     2 ||     9
 Stab: Sleeping          |     2 |     2 |       ||     4
  Eat: Chunk             |    14 |    15 |     2 ||    31
Armor: Skin              |    21 |    43 |    13 ||    77
Dodge: Dodged            |    28 |    34 |    11 ||    73
Block: Medium shield     |       |    45 |    19 ||    64
